 Dungeon Crawl Stone Soup version 0.19.1 (webtiles) character file.

182 Patate the Sneak (level 5, -2/25 HPs)
             Began as a Spriggan Enchanter on Dec 25, 2016.
             Slain by an orc
             ... wielding a +0 club
              (4 damage)
             ... on level 3 of the Dungeon.
             The game lasted 00:08:36 (4339 turns).

Patate the Sneak (Spriggan Enchanter)               Turns: 4339, Time: 00:08:36

Health: -2/25      AC:  3    Str:  5    XL:     5   Next: 35%
Magic:  10/10      EV: 20    Int: 16    God:
Gold:   96         SH:  0    Dex: 17    Spells: 3 memorised, 3 levels left

rFire  . . .     SeeInvis +     a - +2 dagger
rCold  . . .     Gourm    .     b - +1 robe
rNeg   + . .     Faith    .     (shield restricted)
rPois  .         Spirit   .     (helmet restricted)
rElec  .         Reflect  .     (no cloak)
rCorr  .         Harm     .     (gloves unavailable)
MR     .....                    (boots unavailable)
Stlth  ++++......               (no amulet)
                                (no ring)
                                j - ring of positive energy

@: very slightly contaminated, very quick
A: unfitting armour, see invisible, herbivore 3, speed 3, slow metabolism 2
a: no special abilities


You were on level 3 of the Dungeon.
You were not hungry.

You visited 1 branch of the dungeon, and saw 3 of its levels.

You collected 96 gold pieces.

Inventory:

Hand Weapons
 a - a +2 dagger (weapon)
Armour
 b - a +1 robe (worn)
Jewellery
 j - a ring of positive energy (left hand)
Scrolls
 g - a scroll of enchant weapon
 i - 2 scrolls of remove curse {unknown}
Books
 c - a book of Maledictions

   Spells                             Type                      Level
   a - Corona                         Hexes                        1
   b - Ensorcelled Hibernation        Hexes/Ice                    2
   c - Confuse                        Hexes                        3
   d - Tukima's Dance                 Hexes                        3
   e - Dazzling Spray                 Conjuration/Hexes            3


   Skills:
 + Level 0.7 Fighting
 - Level 1.1 Short Blades
 + Level 5.0 Dodging
 * Level 7.8 Stealth
 - Level 2.6 Spellcasting
 - Level 3.6 Hexes
 + Level 0.7 Ice Magic


You had 3 spell levels left.
You knew the following spells:

 Your Spells              Type           Power        Failure   Level  Hunger
a - Corona                Hex            ##.....      6%          1    #......
b - Ensorcelled Hibernat  Hex/Ice        #.....       14%         2    ##.....
c - Confuse               Hex            ##......     14%         3    ###....


Dungeon Overview and Level Annotations

Branches:
Dungeon (3/15)

Altars:

Annotations:
D:2 Jessica


Innate Abilities, Weirdness & Mutations

You are very small and have problems with some larger weapons.
You are too small for most types of armour.
You have supernaturally acute eyesight. (SInv)
You are a herbivore.
You cover ground extremely quickly.
You need consume almost no food.


Message History

You closely miss the orc.
The orc is heavily wounded.
The orc closely misses you.
You barely miss the orc.
The orc is heavily wounded.
The orc closely misses you.
You closely miss the orc.
The orc is heavily wounded.
The orc completely misses you.
You closely miss the orc.
The orc is heavily wounded.
The orc priest mumbles some strange prayers to Beogh against you.
Beogh smites you!
* * * LOW HITPOINT WARNING * * *
You hit the orc.
The orc is almost dead.
The orc closely misses you.
It was a potion of magic.
Magic courses through your body. The orc hits you with a club.
You die...

####...#
#.#.#..#.....#.#.
#......#
#.#.#..###.#.#.#.
+......#
#†#.#............
#...#..#
#.#....###.##....
#......#
#.#....+.........
#......#
#.##...###.#.....
#......# #..'...#
#.#.....
#.##...######...#
#.#+#. #.
#...oo@..+.....#
#. . #
##..######...#.#
#. . #..).#
#####.# #. .
#.#.o.. #
#.###### #


You could see an orc priest and an orc.

Vanquished Creatures
  Ijyb (D:2)
  3 gnolls (D:2)
  4 adders
  An ooze (D:2)
  3 worms
  2 dart slugs (D:1)
  3 orcs (D:3)
  A ball python (D:1)
  10 bats
  4 giant cockroaches
  7 goblins
  10 hobgoblins
  A jackal (D:1)
  2 quokkas
  5 frilled lizards (D:2)
  10 kobolds
  5 rats
72 creatures vanquished.

Notes
Turn   | Place    | Note
-------+----------+-------------------------------------------
     0 | D:1      | Patate the Spriggan Enchanter began the quest for the Orb.
     0 | D:1      | Reached XP level 1. HP: 9/9 MP: 5/5
   298 | D:1      | Reached skill level 5 in Stealth
   313 | D:1      | Reached XP level 2. HP: 13/13 MP: 6/6
   534 | D:1      | Learned a level 2 spell: Ensorcelled Hibernation
  1410 | D:1      | Reached XP level 3. HP: 14/16 MP: 8/8
  1729 | D:2      | Reached skill level 6 in Stealth
  1994 | D:2      | Noticed Ijyb
  2025 | D:2      | Killed Ijyb
  2025 | D:2      | Reached XP level 4. HP: 7/21 MP: 4/9
  2282 | D:2      | Noticed Jessica
  2358 | D:2      | HP: 1/21 [gnoll/spear (10)]
  2712 | D:2      | Learned a level 3 spell: Confuse
  2764 | D:2      | Reached skill level 7 in Stealth
  3028 | D:2      | Reached XP level 5. HP: 13/25 MP: 10/10
  4326 | D:3      | Reached skill level 5 in Dodging
  4337 | D:3      | HP: 1/25 [orc priest/divine providence (9)]
  4339 | D:3      | Slain by an orc

Skill      XL: |  1  2  3  4  5 |
---------------+----------------+-----
Stealth        | 5 6 7 |  7.8
Dodging        | 4 5 |  5.0
Fighting       | |  0.7
Short Blades   | |  1.1
Spellcasting   | |  2.6
Hexes          | |  3.6
Ice Magic      | |  0.7

Action                   |  1- 3 |  4- 6 || total
-------------------------+-------+-------++-------
Melee: Dagger            |   173 |   179 ||   352
 Cast: Ensorcelled Hiber |     8 |    11 ||    19
       Confuse           |       |     2 ||     2
  Use: Scroll            |     2 |       ||     2
       Potion            |       |     3 ||     3
 Stab: Sleeping          |     7 |    10 ||    17
       Confused          |       |     1 ||     1
       Distracted        |       |     1 ||     1
  Eat: Bread ration      |       |     1 ||     1
Armor: Robe              |    33 |     7 ||    40
       Skin              |       |    18 ||    18
Dodge: Dodged            |   207 |   145 ||   352
